TOP OF THE 1ST |
Houston (WIN) Astros batting - Pitching for Detroit (WIN) Tigers : RHP Roberto Benavides
|
Pitching: RHP Roberto Benavides
|
|
Batting: RHB Edgar Trejo
|
0-0: Fly out, F7 (Flyball, 7, EV 92.5 MPH)
|
Batting: RHB Danny Merrill
|
0-0: Called Strike 0-1: Ball 1-1: Foul Ball, location: 2F 1-2: Ball 2-2: Foul Ball, location: 2F 2-2: SINGLE (Line Drive, 34D, EV 97.5 MPH)
|
Batting: SHB Paskar Adegoke
|
0-0: Ball 1-0: Called Strike 1-1: Ball 2-1: Foul Ball, location: 2F 2-2: Strikes out looking
|
Batting: RHB Elijah Hunter
|
0-0: Ball 1-0: Ball 2-0: Called Strike 2-1: Foul Ball, location: 2F 2-2: Strikes out swinging
|
Top of the 1st over - 0 runs, 1 hit, 0 errors, 1 left on base; Houston (WIN) 0 - Detroit (WIN) 0 |
BOTTOM OF THE 1ST |
Detroit (WIN) Tigers batting - Pitching for Houston (WIN) Astros : RHP Mike Chisolm
|
Pitching: RHP Mike Chisolm
|
|
Batting: LHB Bill Ford
|
0-0: Ball 1-0: Swinging Strike 1-1: Ball 2-1: Foul Ball, location: 2F 2-2: Strikes out swinging
|
Batting: RHB Keith Hoffman
|
0-0: Ground out 4-3 (Groundball, 4, EV 90.6 MPH)
|
Batting: SHB Adam Weber
|
0-0: Ball 1-0: Ball 2-0: Called Strike 2-1: Ball 3-1: Foul Ball, location: 2F 3-2: Foul Ball, location: 2F 3-2: Strikes out swinging
|
Bottom of the 1st over - 0 runs, 0 hits, 0 errors, 0 left on base; Houston (WIN) 0 - Detroit (WIN) 0 |
TOP OF THE 2ND |
Houston (WIN) Astros batting - Pitching for Detroit (WIN) Tigers : RHP Roberto Benavides
|
Batting: LHB Josh Birkner
|
0-0: Swinging Strike 0-1: Called Strike 0-2: Strikes out swinging
|
Batting: RHB Sam Spohn
|
0-0: Swinging Strike 0-1: Ball 1-1: Ball 2-1: Ball 3-1: Base on Balls
|
Batting: LHB Bob Dietz
|
0-0: DOUBLE (Flyball, 8LXD, EV 110.6 MPH) Sam Spohn to third Runner from 3rd tries for Home, SAFE, throw by CF to trailing runner, SAFE at third!
|
Batting: RHB Masaru Konno
|
0-0: Ball 1-0: Ball 2-0: Ball 3-0: Base on Balls
|
Batting: SHB Danny Jensen
|
0-0: Ball 1-0: Foul Ball, location: 2F 1-1: Ball 2-1: Foul Ball, location: 2F 2-2: Strikes out swinging
|
Batting: RHB Edgar Trejo
|
0-0: Called Strike 0-1: Called Strike 0-2: Strikes out swinging
|
Top of the 2nd over - 1 run, 1 hit, 0 errors, 2 left on base; Houston (WIN) 1 - Detroit (WIN) 0 |
BOTTOM OF THE 2ND |
Detroit (WIN) Tigers batting - Pitching for Houston (WIN) Astros : RHP Mike Chisolm
|
Batting: RHB Dan Becvar
|
0-0: Ball 1-0: Foul Ball, location: 2F 1-1: Swinging Strike 1-2: Ball 2-2: Fly out, F6 (Line Drive, 5D, EV 73.1 MPH)
|
Batting: SHB Sean Foley
|
0-0: Ball 1-0: SINGLE (Groundball, 13S, EV 67.5 MPH) (infield hit)
|
Batting: LHB Jon Frederick
|
0-0: Ball 1-0: Swinging Strike 1-1: Ball 2-1: Called Strike 2-2: Strikes out swinging
|
Batting: LHB George Moran
|
0-0: Ground out 4-3 (Groundball, 4S, EV 88.8 MPH)
|
Bottom of the 2nd over - 0 runs, 1 hit, 0 errors, 1 left on base; Houston (WIN) 1 - Detroit (WIN) 0 |
TOP OF THE 3RD |
Houston (WIN) Astros batting - Pitching for Detroit (WIN) Tigers : RHP Roberto Benavides
|
Batting: RHB Danny Merrill
|
0-0: Ball 1-0: Ground out 3-1 (Groundball, 34, EV 93.1 MPH)
|
Batting: SHB Paskar Adegoke
|
0-0: Foul Ball, location: 2F 0-1: Swinging Strike 0-2: Strikes out swinging
|
Batting: RHB Elijah Hunter
|
0-0: SINGLE (Groundball, 56, EV 99.4 MPH) (infield hit)
|
Batting: LHB Josh Birkner
|
0-0: SINGLE (Line Drive, 8RS, EV 109.4 MPH) Elijah Hunter to second
|
Batting: RHB Sam Spohn
|
0-0: Foul Ball, location: 2F 0-1: Called Strike 0-2: Foul Ball, location: 2F 0-2: Ball 1-2: SINGLE (Groundball, 56D, EV 96.2 MPH) Elijah Hunter to third Josh Birkner to second Runner from 3rd tries for Home, SAFE, throw by LF to home
|
Batting: LHB Bob Dietz
|
0-0: Called Strike 0-1: Ball 1-1: Called Strike 1-2: Strikes out swinging
|
Top of the 3rd over - 1 run, 3 hits, 0 errors, 2 left on base; Houston (WIN) 2 - Detroit (WIN) 0 |
BOTTOM OF THE 3RD |
Detroit (WIN) Tigers batting - Pitching for Houston (WIN) Astros : RHP Mike Chisolm
|
Batting: RHB Tanner Purchase
|
0-0: Called Strike 0-1: Ball 1-1: SINGLE (Line Drive, 89M, EV 93.8 MPH)
|
Batting: RHB Norm Wood
|
0-0: Foul Ball, location: 2F 0-1: Called Strike Tanner Purchase is caught stealing 2nd base 2-4 0-2: Fly out, F9 (Flyball, 89M, EV 86.2 MPH)
|
Batting: LHB Bill Ford
|
0-0: Called Strike 0-1: Ball 1-1: Ball 2-1: Ball 3-1: Base on Balls
|
Batting: RHB Keith Hoffman
|
0-0: Called Strike Bill Ford steals 2nd base (no throw) 0-1: Called Strike 0-2: Ball 1-2: Ball 2-2: Fly out, F8 (Flyball, 89M, EV 93.8 MPH)
|
Bottom of the 3rd over - 0 runs, 1 hit, 0 errors, 1 left on base; Houston (WIN) 2 - Detroit (WIN) 0 |
TOP OF THE 4TH |
Houston (WIN) Astros batting - Pitching for Detroit (WIN) Tigers : RHP Roberto Benavides
|
Batting: RHB Masaru Konno
|
0-0: Single, Error in OF, E7, batter to second base (Line Drive, 7S, EV 108.1 MPH)
|
Batting: SHB Danny Jensen
|
0-0: Called Strike Masaru Konno is caught stealing 3rd base 2-5 0-1: Foul Ball, location: 2F 0-2: Ball 1-2: Foul Ball, location: 2F 1-2: Foul Ball, location: 2F 1-2: Foul Ball, location: 2F 1-2: Foul Ball, location: 2F 1-2: Strikes out looking
|
Batting: RHB Edgar Trejo
|
0-0: Foul Ball, location: 2F 0-1: Fly out, F5 (Popup, 56S, EV 69.4 MPH)
|
Top of the 4th over - 0 runs, 1 hit, 1 error, 0 left on base; Houston (WIN) 2 - Detroit (WIN) 0 |
BOTTOM OF THE 4TH |
Detroit (WIN) Tigers batting - Pitching for Houston (WIN) Astros : RHP Mike Chisolm
|
Batting: SHB Adam Weber
|
0-0: Ground out 4-3 (Groundball, 4, EV 90.0 MPH)
|
Batting: RHB Dan Becvar
|
0-0: Swinging Strike 0-1: Called Strike 0-2: Ball 1-2: Fly out, F4 (Line Drive, 4, EV 65.6 MPH)
|
Batting: SHB Sean Foley
|
0-0: Ball 1-0: Ball 2-0: Ball 3-0: Called Strike 3-1: Called Strike 3-2: SOLO HOME RUN (Flyball, 89XD, EV 106.9 MPH), Distance : 418 ft
|
Batting: LHB Jon Frederick
|
0-0: Called Strike 0-1: Called Strike 0-2: Strikes out swinging
|
Bottom of the 4th over - 1 run, 1 hit, 0 errors, 0 left on base; Houston (WIN) 2 - Detroit (WIN) 1 |
TOP OF THE 5TH |
Houston (WIN) Astros batting - Pitching for Detroit (WIN) Tigers : RHP Roberto Benavides
|
Batting: RHB Danny Merrill
|
0-0: Called Strike 0-1: Foul Ball, location: 2F 0-2: TRIPLE (Flyball, 89XD, EV 95.0 MPH)
|
Batting: SHB Paskar Adegoke
|
0-0: Called Strike 0-1: Ball 1-1: Reached on error, E3 (Groundball, 3L, EV 83.1 MPH) Danny Merrill scores
|
Batting: RHB Elijah Hunter
|
0-0: Ball 1-0: Foul Ball, location: 2F 1-1: Foul Ball, location: 2F 1-2: Foul Ball, location: 2F 1-2: Ball 2-2: Foul Ball, location: 2F 2-2: Ball 3-2: Foul Ball, location: 2F 3-2: Foul Ball, location: 2F 3-2: Strikes out swinging Paskar Adegoke steals 2nd base Batter strikes out.
|
Batting: LHB Josh Birkner
|
0-0: Called Strike 0-1: Ball 1-1: Called Strike 1-2: Strikes out swinging
|
Batting: RHB Sam Spohn
|
0-0: Called Strike 0-1: Called Strike 0-2: Ball 1-2: Strikes out looking
|
Top of the 5th over - 1 run, 1 hit, 1 error, 1 left on base; Houston (WIN) 3 - Detroit (WIN) 1 |
BOTTOM OF THE 5TH |
Detroit (WIN) Tigers batting - Pitching for Houston (WIN) Astros : RHP Mike Chisolm
|
Batting: LHB George Moran
|
0-0: Ball 1-0: Called Strike 1-1: Ball 2-1: Foul Ball, location: 2F 2-2: Ground out U3 (Groundball, 3, EV 95.6 MPH)
|
Batting: RHB Tanner Purchase
|
0-0: Ball 1-0: Foul Ball, location: 2F 1-1: Ball 2-1: Ground out 4-3 (Groundball, 4, EV 79.4 MPH)
|
Batting: RHB Norm Wood
|
0-0: SINGLE (Groundball, 34D, EV 93.8 MPH)
|
Batting: LHB Bill Ford
|
0-0: Ball 1-0: Ball 2-0: Foul Ball, location: 2F 2-1: Ball 3-1: Swinging Strike 3-2: 2-RUN HOME RUN (Line Drive, 89XD, EV 103.8 MPH), Distance : 423 ft
|
Batting: RHB Keith Hoffman
|
0-0: Called Strike 0-1: Foul Ball, location: 2F 0-2: Foul Ball, location: 2F 0-2: Ball 1-2: Ball 2-2: Strikes out swinging
|
Bottom of the 5th over - 2 runs, 2 hits, 0 errors, 0 left on base; Houston (WIN) 3 - Detroit (WIN) 3 |
TOP OF THE 6TH |
Houston (WIN) Astros batting - Pitching for Detroit (WIN) Tigers : RHP Roberto Benavides
|
Batting: LHB Bob Dietz
|
0-0: Called Strike 0-1: Swinging Strike 0-2: Strikes out swinging
|
Batting: RHB Masaru Konno
|
0-0: Called Strike 0-1: Called Strike 0-2: Ball 1-2: Foul Ball, location: 2F 1-2: Ball 2-2: Ball 3-2: Ground out 4-3 (Groundball, 4, EV 85.0 MPH)
|
Batting: SHB Danny Jensen
|
0-0: Called Strike 0-1: Foul Ball, location: 2F 0-2: Strikes out swinging
|
Top of the 6th over - 0 runs, 0 hits, 0 errors, 0 left on base; Houston (WIN) 3 - Detroit (WIN) 3 |
BOTTOM OF THE 6TH |
Detroit (WIN) Tigers batting - Pitching for Houston (WIN) Astros : RHP Mike Chisolm
|
Batting: SHB Adam Weber
|
0-0: Called Strike 0-1: Foul Ball, location: 2F 0-2: Ball 1-2: Ball 2-2: Ball 3-2: Strikes out looking
|
Batting: RHB Dan Becvar
|
0-0: Ball 1-0: Swinging Strike 1-1: Ground out 4-3 (Groundball, 4, EV 80.6 MPH)
|
Batting: SHB Sean Foley
|
0-0: Foul Ball, location: 2F 0-1: Ball 1-1: Ball 2-1: SOLO HOME RUN (Flyball, 9LD, EV 95.6 MPH), Distance : 334 ft
|
Batting: LHB Jon Frederick
|
0-0: Called Strike 0-1: Ball 1-1: Fly out, F8 (Flyball, 78M, EV 82.5 MPH)
|
Bottom of the 6th over - 1 run, 1 hit, 0 errors, 0 left on base; Houston (WIN) 3 - Detroit (WIN) 4 |
TOP OF THE 7TH |
Houston (WIN) Astros batting - Pitching for Detroit (WIN) Tigers : RHP Roberto Benavides
|
Batting: RHB Edgar Trejo
|
0-0: Ball 1-0: Foul Ball, location: 2F 1-1: Foul Ball, location: 2F 1-2: Fly out, F7 (Flyball, 7S, EV 91.2 MPH)
|
Batting: RHB Danny Merrill
|
0-0: Foul Ball, location: 2F 0-1: Ground out U3 (Groundball, 3, EV 91.9 MPH)
|
Batting: SHB Paskar Adegoke
|
0-0: Ground out 5-3 (Groundball, 6, EV 100.0 MPH)
|
Top of the 7th over - 0 runs, 0 hits, 0 errors, 0 left on base; Houston (WIN) 3 - Detroit (WIN) 4 |
BOTTOM OF THE 7TH |
Detroit (WIN) Tigers batting - Pitching for Houston (WIN) Astros : RHP Mike Chisolm
|
Batting: LHB George Moran
|
0-0: Ball 1-0: Ball 2-0: Foul Ball, location: 2F 2-1: Ball 3-1: Foul Ball, location: 2F 3-2: Strikes out looking
|
Pitching: RHP Jorge Aguilar
|
|
Batting: RHB Tanner Purchase
|
0-0: Foul Ball, location: 2F 0-1: Hit by Pitch
|
Batting: RHB Norm Wood
|
0-0: SINGLE (Groundball, 56D, EV 95.6 MPH) Tanner Purchase to second
|
Batting: LHB Bill Ford
|
0-0: Swinging Strike 0-1: Ball 1-1: Ball 2-1: Foul Ball, location: 2F 2-2: Ground out U3 (Groundball, 3, EV 82.5 MPH) Tanner Purchase to third Norm Wood to second
|
Batting: RHB Keith Hoffman
|
0-0: Called Strike 0-1: Called Strike 0-2: Ball 1-2: Ball 2-2: Strikes out swinging
|
Bottom of the 7th over - 0 runs, 1 hit, 0 errors, 2 left on base; Houston (WIN) 3 - Detroit (WIN) 4 |
TOP OF THE 8TH |
Houston (WIN) Astros batting - Pitching for Detroit (WIN) Tigers : RHP Roberto Benavides
|
Pitching: RHP Denzel McPherson
|
|
Batting: RHB Elijah Hunter
|
0-0: Ball 1-0: DOUBLE (Line Drive, 9LS, EV 108.8 MPH)
|
Batting: LHB Josh Birkner
|
0-0: Foul Ball, location: 2F 0-1: SINGLE (Groundball, 4MD, EV 103.1 MPH) Elijah Hunter to third
|
Batting: RHB Sam Spohn
|
0-0: Called Strike 0-1: Ball 1-1: Foul Ball, location: 2F 1-2: Fly out, F8 (Flyball, 8RXD, EV 104.4 MPH) Runner from 3rd tags up, SCORES, no throw by CF
|
Batting: LHB Bob Dietz
|
0-0: Called Strike 0-1: Swinging Strike 0-2: Foul Ball, location: 2F 0-2: Ball 1-2: Strikes out swinging
|
Batting: RHB Masaru Konno
|
0-0: Ball 1-0: Fly out, F3 (Popup, 3S, EV 80.0 MPH)
|
Top of the 8th over - 1 run, 2 hits, 0 errors, 1 left on base; Houston (WIN) 4 - Detroit (WIN) 4 |
BOTTOM OF THE 8TH |
Detroit (WIN) Tigers batting - Pitching for Houston (WIN) Astros : RHP Jorge Aguilar
|
Batting: SHB Adam Weber
|
0-0: Foul Ball, location: 2F 0-1: Foul Ball, location: 2F 0-2: Ball 1-2: Ball 2-2: Ball 3-2: Foul Ball, location: 2F 3-2: SINGLE (Flyball, 5D, EV 100.0 MPH)
|
Batting: RHB Dan Becvar
|
0-0: Ball 1-0: Called Strike 1-1: Ball 2-1: Fly out, F9 (Flyball, 9, EV 84.4 MPH)
|
Batting: SHB Sean Foley
|
0-0: Called Strike 0-1: Ball 1-1: Called Strike 1-2: Strikes out swinging
|
Batting: LHB Jon Frederick
|
0-0: Ball 1-0: Foul Ball, location: 2F 1-1: Called Strike 1-2: Ball 2-2: Ball Adam Weber is caught stealing 2nd base 2-6
|
Bottom of the 8th over - 0 runs, 1 hit, 0 errors, 0 left on base; Houston (WIN) 4 - Detroit (WIN) 4 |
TOP OF THE 9TH |
Houston (WIN) Astros batting - Pitching for Detroit (WIN) Tigers : RHP Denzel McPherson
|
Batting: SHB Danny Jensen
|
0-0: Swinging Strike 0-1: Called Strike 0-2: Ball 1-2: Ball 2-2: Strikes out swinging
|
Batting: RHB Edgar Trejo
|
0-0: Called Strike 0-1: Ball 1-1: Foul Ball, location: 2F 1-2: Foul Ball, location: 2F 1-2: Foul Ball, location: 2F 1-2: Ball 2-2: Foul Ball, location: 2F 2-2: Strikes out swinging
|
Batting: RHB Danny Merrill
|
0-0: Foul Ball, location: 2F 0-1: Foul Ball, location: 2F 0-2: Strikes out swinging
|
Top of the 9th over - 0 runs, 0 hits, 0 errors, 0 left on base; Houston (WIN) 4 - Detroit (WIN) 4 |
BOTTOM OF THE 9TH |
Detroit (WIN) Tigers batting - Pitching for Houston (WIN) Astros : RHP Jorge Aguilar
|
Batting: LHB Jon Frederick
|
0-0: Ball 1-0: Swinging Strike 1-1: Called Strike 1-2: Foul Ball, location: 2F 1-2: Ball 2-2: Strikes out swinging
|
Batting: LHB George Moran
|
0-0: Fly out, F5 (Popup, 56S, EV 75.0 MPH)
|
Pinch Hitting: RHB J.J. Basil
|
0-0: Ball 1-0: Ball 2-0: Called Strike 2-1: Ball 3-1: Foul Ball, location: 2F 3-2: Fly out, F5 (Popup, 56, EV 59.4 MPH)
|
Bottom of the 9th over - 0 runs, 0 hits, 0 errors, 0 left on base; Houston (WIN) 4 - Detroit (WIN) 4 |
TOP OF THE 10TH |
Houston (WIN) Astros batting - Pitching for Detroit (WIN) Tigers : RHP Denzel McPherson
|
Now in CF: Bill Ford
|
|
Now in RF: J.J. Basil
|
|
Batting: SHB Paskar Adegoke
|
0-0: Called Strike 0-1: Ball 1-1: Ball 2-1: Swinging Strike 2-2: Ball 3-2: Strikes out swinging
|
Batting: RHB Elijah Hunter
|
0-0: Called Strike 0-1: Foul Ball, location: 2F 0-2: SINGLE (Flyball, 4D, EV 85.0 MPH)
|
Batting: LHB Josh Birkner
|
0-0: Ball 1-0: Foul Ball, location: 2F 1-1: Ball 2-1: Foul Ball, location: 2F 2-2: Foul Ball, location: 2F 2-2: Grounds into double play, 4-6-3 (Groundball, 4, EV 95.6 MPH)
|
Top of the 10th over - 0 runs, 1 hit, 0 errors, 0 left on base; Houston (WIN) 4 - Detroit (WIN) 4 |
BOTTOM OF THE 10TH |
Detroit (WIN) Tigers batting - Pitching for Houston (WIN) Astros : RHP Jorge Aguilar
|
Pitching: RHP Bill Garcia
|
|
Pinch Hitting: RHB Willis Morales
|
0-0: Called Strike 0-1: Ball 1-1: Ball 2-1: SINGLE (Groundball, 56D, EV 97.5 MPH)
|
Batting: LHB Bill Ford
|
0-0: Foul Ball, location: 2F 0-1: Foul Ball, location: 2F 0-2: Strikes out swinging
|
Pinch Hitting: LHB Dave Carlisle
|
0-0: Ball 1-0: Called Strike 1-1: Called Strike 1-2: DOUBLE (Line Drive, 9LM, EV 94.4 MPH) Willis Morales to third Runner from 3rd tries for Home, throw by RF and OUT! 9-4-2 Dave Carlisle to third
|
Batting: SHB Adam Weber
|
0-0: Intentional Walk
|
Batting: RHB Dan Becvar
|
0-0: Called Strike 0-1: Foul Ball, location: 2F 0-2: Ball 1-2: Ball 2-2: Foul Ball, location: 2F 2-2: Strikes out looking
|
Bottom of the 10th over - 0 runs, 2 hits, 0 errors, 2 left on base; Houston (WIN) 4 - Detroit (WIN) 4 |
TOP OF THE 11TH |
Houston (WIN) Astros batting - Pitching for Detroit (WIN) Tigers : RHP Denzel McPherson
|
Pitching: RHP Chris Haselhorst
|
|
Now at 1B: Brad Gaskill
|
|
Now at SS: Dave Carlisle
|
|
Batting: RHB Sam Spohn
|
0-0: Ball 1-0: Foul Ball, location: 2F 1-1: Ball 2-1: Called Strike 2-2: Strikes out looking
|
Batting: LHB Bob Dietz
|
0-0: Called Strike 0-1: Swinging Strike 0-2: Ball 1-2: Strikes out swinging
|
Batting: RHB Masaru Konno
|
0-0: Ball 1-0: Called Strike 1-1: Ground out 5-3 (Groundball, 56, EV 96.9 MPH)
|
Top of the 11th over - 0 runs, 0 hits, 0 errors, 0 left on base; Houston (WIN) 4 - Detroit (WIN) 4 |
BOTTOM OF THE 11TH |
Detroit (WIN) Tigers batting - Pitching for Houston (WIN) Astros : RHP Bill Garcia
|
Pitching: RHP Michael Bruce
|
|
Batting: SHB Sean Foley
|
0-0: Ball 1-0: Ball 2-0: Called Strike 2-1: Ball 3-1: Foul Ball, location: 2F 3-2: Foul Ball, location: 2F 3-2: Strikes out swinging
|
Batting: LHB Jon Frederick
|
0-0: Foul Ball, location: 2F 0-1: Ball 1-1: Swinging Strike 1-2: Strikes out swinging
|
Batting: LHB George Moran
|
0-0: Called Strike 0-1: Ball 1-1: Foul Ball, location: 2F 1-2: Strikes out looking
|
Bottom of the 11th over - 0 runs, 0 hits, 0 errors, 0 left on base; Houston (WIN) 4 - Detroit (WIN) 4 |
TOP OF THE 12TH |
Houston (WIN) Astros batting - Pitching for Detroit (WIN) Tigers : RHP Chris Haselhorst
|
Batting: SHB Danny Jensen
|
0-0: Foul Ball, location: 2F 0-1: Ball 1-1: Foul Ball, location: 2F 1-2: Ground out 3-1 (Groundball, 34S, EV 90.0 MPH)
|
Batting: RHB Edgar Trejo
|
0-0: Foul Ball, location: 2F 0-1: Called Strike 0-2: Strikes out swinging
|
Batting: RHB Danny Merrill
|
0-0: Ball 1-0: Foul Ball, location: 2F 1-1: Ball 2-1: SINGLE (Groundball, 34D, EV 101.2 MPH)
|
Pitching: LHP Edwin Pacheco
|
|
Batting: SHB Paskar Adegoke
|
0-0: Called Strike 0-1: Ball 1-1: Swinging Strike 1-2: Ball 2-2: Ball 3-2: Fly out, F9 (Line Drive, 9, EV 88.8 MPH)
|
Top of the 12th over - 0 runs, 1 hit, 0 errors, 1 left on base; Houston (WIN) 4 - Detroit (WIN) 4 |
BOTTOM OF THE 12TH |
Detroit (WIN) Tigers batting - Pitching for Houston (WIN) Astros : RHP Michael Bruce
|
Batting: RHB J.J. Basil
|
0-0: Called Strike 0-1: SINGLE (Line Drive, 8LS, EV 90.0 MPH)
|
Pitching: LHP Mike Cobb
|
|
Batting: LHB Brad Gaskill
|
0-0: Called Strike 0-1: Ball 1-1: Ball 2-1: Foul Ball, location: 2F 2-2: Strikes out swinging
|
Batting: LHB Bill Ford
|
0-0: Called Strike 0-1: Ball 1-1: SINGLE (Groundball, 34D, EV 97.5 MPH) J.J. Basil to second Runner from 2nd tries for 3rd, SAFE, throw by RF made to third
|
Batting: LHB Dave Carlisle
|
0-0: Ball 1-0: Called Strike Bill Ford steals 2nd base (no throw) 1-1: Ball 2-1: Fielders Choice at home, 4-2 (Groundball, 4M, EV 85.6 MPH) Bill Ford to third
|
Batting: SHB Adam Weber
|
0-0: Ball Wild Pitch! Bill Ford scores
|
Bottom of the 12th over - 1 run, 2 hits, 0 errors, 1 left on base; Houston (WIN) 4 - Detroit (WIN) 5 |
|